 Dungeon Crawl Stone Soup version 0.29.1-1-gd02db6906a (webtiles) character file.

Game seed: 17367724783399431350

135 GeoRichter the Grave Robber (level 4, 0/30 HPs)
             Began as a Demonspawn Necromancer on Oct 17, 2022.
             Slain by a gnoll
             ... wielding a +0 vorpal flail
              (7 damage)
             ... on level 3 of the Dungeon.
             The game lasted 00:03:50 (2625 turns).

GeoRichter the Grave Robber (DsNe)                  Turns: 2625, Time: 00:03:51

Health: 0/30       AC:  2    Str: 13    XL:     4   Next: 96%
Magic:  10/17      EV: 12    Int: 18    God:
Gold:   131        SH:  0    Dex: 12    Spells: 5/9 levels left

rFire   . . .      SeeInvis .   s - +0 rapier
rCold   . . .      Faith    .   (no shield)
rNeg    . . .      Spirit   .   a - +0 robe
rPois   .          Reflect  .   (helmet restricted)
rElec   .          Harm     .   (no cloak)
rCorr   +          Rampage  .   (no gloves)
Will    .....                   (no boots)
Stlth   ++........              (no amulet)
HPRegen 0.10/turn               r - ring "Voamub" {rCorr MP+9 Str+5 Dex-2}
MPRegen 0.15/turn               (no ring)

@: no status effects
A: antennae 1, hooves 1
a: no special abilities


You were on level 3 of the Dungeon.
You visited 1 branch of the dungeon, and saw 3 of its levels.

You collected 131 gold pieces.

Inventory:

Hand Weapons
 s - a +0 rapier (weapon)
   (You found it on level 2 of the Dungeon)
Armour
 a - a +0 robe (worn)
 m - a +0 ring mail
   (You found it on level 2 of the Dungeon)
Jewellery
 r - the ring "Voamub" (left hand) {rCorr MP+9 Str+5 Dex-2}
   (You found it on level 2 of the Dungeon)

   [ring of magical power]

   Str:       It affects your strength (+5).
   Dex:       It affects your dexterity (-2).
   MP:        It affects your magic capacity (+9).
   rCorr:     It protects you from acid and corrosion.
Scrolls
 d - a scroll of enchant armour {unknown}
 e - a scroll of magic mapping {unknown}
 f - a scroll of immolation {unknown}
 g - a scroll of vulnerability {unknown}
 h - 4 scrolls of identify {unknown}
 i - a scroll of amnesia {unknown}
 j - 3 scrolls of fog {unknown}
 p - a scroll of teleportation {unknown}
 q - a scroll of fear {unknown}
 t - a scroll of noise {unknown}
Potions
 b - 2 potions of magic
 c - 2 potions of brilliance {unknown}
 k - a potion of berserk rage {unknown}
 l - 3 potions of curing {unknown}
 n - 2 potions of lignification {unknown}
 o - a potion of heal wounds {unknown}


   Skills:
 - Level 1.7 Dodging
 - Level 1.7 Stealth
 + Level 3.1 Spellcasting
 * Level 6.2 Necromancy


You had 5 spell levels left.
You knew the following spells:

 Your Spells              Type           Power      Damage    Failure   Level
a - Necrotise             Necr           100%       1d9       1%          1
b - Vampiric Draining     Necr           25%        2d7       3%          3

Your spell library contained the following spells:

 Spells                   Type           Power      Damage    Failure   Level
 Animate Dead             Necr           25%        N/A       12%         4
 Sting                    Tmut/Pois      8%         1d3       16%         1
 Poisonous Vapours        Pois/Air       4%         N/A       24%         2
 Agony                    Necr           25%        N/A       34%         5
 Olgreb's Toxic Radiance  Pois           2%         N/A       85%         4


Dungeon Overview and Level Annotations

Branches:
Dungeon (3/15) Zot: 15374

Altars:
Nemelex Xobeh


Innate Abilities, Weirdness & Mutations

You have a pair of small antennae on your head.
You have large cloven feet.


Message History

You can't see any susceptible monsters within range! (Use Z to cast anyway.)
A gnoll comes into view. It is wielding a +0 club.
A gnoll comes into view. It is wielding a +0 vorpal flail.
The gnoll shouts!
The gnoll writhes in agony.
The gnoll shouts! x2
The gnoll writhes in agony.
A dart slug comes into view.
The gnoll writhes in agony.
The gnoll writhes in agony.
You kill the gnoll!
The dead are walking!
An endoplasm comes into view.
Found a scroll labelled RUNEHI JEHEFOG.
The gnoll closely misses you.
Your gnoll skeleton hits the gnoll.
The gnoll hits your gnoll skeleton with a +0 vorpal flail.
You see here a +0 flail.
The gnoll barely resists.
The gnoll hits you with a +0 club.
The gnoll barely misses your gnoll skeleton.
Your gnoll skeleton hits the gnoll.
You hit the gnoll but do no damage. You kick the gnoll, but do no damage.
The gnoll closely misses you.
The gnoll hits your gnoll skeleton with a +0 vorpal flail!
Your gnoll skeleton is destroyed!
You hit the gnoll. The gnoll hits you with a +0 club.
The gnoll hits you with a +0 vorpal flail!
* * * LOW HITPOINT WARNING * * *
The gnoll barely misses you.
You are too injured to fight recklessly!
Aim: a gnoll, wielding a +0 club (heavily wounded, chance to affect: 88%)
The gnoll writhes in agony.
The gnoll barely misses you. x2
Aim: a gnoll, wielding a +0 club (almost dead, chance to affect: 88%)
The gnoll writhes in agony!
You kill the gnoll!
The dead are walking!
The gnoll hits you with a +0 vorpal flail.
* * * LOW HITPOINT WARNING * * *
* * * LOW HITPOINT WARNING * * *
Aim: a gnoll, wielding a +0 vorpal flail (ally target, chance to affect: 88%)
The gnoll writhes in agony.
The dart slug launches a dart at you. The slug dart hits you.
* * * LOW HITPOINT WARNING * * *
The gnoll completely misses you.
Aim: a gnoll, wielding a +0 vorpal flail (lightly wounded, ally target, chance to affect: 88%)
The gnoll writhes in agony.
Your gnoll skeleton hits the gnoll.
The gnoll hits you with a +0 vorpal flail!
You die...

###########..####.#......#
#.................#...#..#
#.##########..##......#..#
#.# #........#.........#
#.# #.#####..#.........#
#.#####.###............###
#.......#..............# #
#########.###....#†....#
#@#!#........).#.
#Jwg###..........#.
#.#Z....##....##.#.
....#.#####.⌠.⌠##.#.#
.....#.. #.._..#.#.#
.......##.. ##⌠.⌠..†#..
..?. .. .. ##...#.##.
....... ... #####.#..
#....


You could see a gnoll (ally target), a dart slug, an endoplasm and a friendly
gnoll skeleton.

Vanquished Creatures
  An orc wizard (D:3)
  3 adders
  2 gnolls (D:3)
  2 dart slugs
  4 orcs (D:3)
  4 ball pythons
  8 endoplasms
  5 giant cockroaches
  3 hobgoblins
  3 quokkas
  2 frilled lizards (D:1)
  3 goblins
  6 kobolds
  6 rats
52 creatures vanquished.

Vanquished Creatures (collateral kills)
  2 orcs (D:3)
2 creatures vanquished.

Grand Total: 54 creatures vanquished

Notes
Turn   | Place    | Note
-------+----------+-------------------------------------------
     0 | D:1      | GeoRichter the Demonspawn Necromancer began the quest for
                  | the Orb.
     0 | D:1      | Reached XP level 1. HP: 13/13 MP: 3/3
     1 | D:1      | Noticed an electric eel
   362 | D:1      | Discovered your monstrous ancestry.
   362 | D:1      | Gained mutation: You have a pair of small antennae on your
                  | head. [demonic ancestry]
   362 | D:1      | Reached XP level 2. HP: 19/19 MP: 3/5
   881 | D:1      | Reached skill level 5 in Necromancy
  1123 | D:2      | Reached XP level 3. HP: 23/24 MP: 1/6
  1703 | D:2      | Learned a level 3 spell: Vampiric Draining
  1823 | D:2      | Identified the ring "Voamub" {rCorr MP+9 Str+5 Dex-2}
  2252 | D:3      | Gained mutation: You have large cloven feet. [demonic
                  | ancestry]
  2252 | D:3      | Reached XP level 4. HP: 30/30 MP: 8/8
  2442 | D:3      | Found a sparkling altar of Nemelex Xobeh.
  2464 | D:3      | Reached skill level 6 in Necromancy
  2625 | D:3      | Slain by a gnoll

Illustrated notes

Levels and vault maps discovered:
D:1:      arrival_aquarium_a, layout_basic, minmay_tall_x
D:2:      layout_loops_ring, minmay_misc_feat_enclosed,
          ebering_dispersal_statue_hall
D:3:      layout_basic, nemelex_xobeh_ov_fountains_minmay,
          grunt_temple_overflow_diamond, item_on_display_a, uniq_natasha

Skill      XL: |  1  2  3  4 |
---------------+-------------+-----
Necromancy     | 5 6 |  6.2
Spellcasting   | 3 |  3.1
Dodging        | |  1.7
Stealth        | |  1.7

Action                   |  1- 3 |  4- 6 || total
-------------------------+-------+-------++-------
Melee: Dagger            |     6 |       ||     6
       Rapier            |     4 |     6 ||    10
       Kick              |       |     1 ||     1
 Cast: Necrotise         |    66 |    30 ||    96
Armor: Robe              |     4 |       ||     4
Dodge: Dodged            |     7 |    10 ||    17
